 Dungeon Crawl Stone Soup version 0.27-a0-789-g6bb3289e1e (webtiles) character file.

Game seed: 7981464472636641974

305 rageheart7 the Skirmisher (level 6, -8/41 HPs)
             Began as a Gargoyle Abyssal Knight on Mar 26, 2021.
             Was a Believer of Lugonu.
             Mangled by a wight
             ... wielding a +4 mace
              (12 damage)
             ... on level 3 of the Dungeon.
             The game lasted 00:04:04 (3533 turns).

rageheart7 the Skirmisher (Gargoyle Abyssal Knight) Turns: 3533, Time: 00:04:05

Health: -8/41      AC:  8    Str: 17    XL:     6   Next: 39%
Magic:  7/7        EV: 11    Int: 13    God:    Lugonu [**....]
Gold:   71         SH:  0    Dex: 15    Spells: 5/5 levels left

rFire    . . .     SeeInvis .   a - +1 mace
rCold    . . .     Faith    .   (no shield)
rNeg     + . .     Spirit   .   b - +0 leather armour
rPois    ∞         Reflect  .   (no helmet)
rElec    +         Harm     .   (no cloak)
rCorr    .         Rampage  .   i - +0 pair of gloves
Will     .....                  (no boots)
Stlth    +.........             (no amulet)
HPRegen  0.13/turn              d - +6 ring of dexterity
MPRegen  0.10/turn              (no ring)

@: no status effects
A: AC +4, negative energy resistance 1, electricity resistance, torment
resistance 1, unbreathing 1, petrification resistance
a: Renounce Religion, Depart the Abyss, Bend Space


You were on level 3 of the Dungeon.
You worshipped Lugonu.
Lugonu was pleased with you.
You visited 1 branch of the dungeon, and saw 4 of its levels.
You visited the Abyss 1 time.

You collected 71 gold pieces.

Inventory:

Hand Weapons
 a - a +1 mace (weapon)
 l - a +4 dagger
Armour
 b - a +0 leather armour (worn)
 i - a +0 pair of gloves (worn)
Jewellery
 d - a +6 ring of dexterity (right hand)
Scrolls
 g - 2 scrolls of enchant weapon {unknown}
 h - 5 scrolls of identify {unknown}
 m - a scroll of amnesia {unknown}
 n - a scroll of silence {unknown}
 o - a scroll of vulnerability {unknown}
Potions
 j - a potion of magic
 k - a potion of resistance {unknown}
 p - a potion of degeneration {unknown}
 q - a potion of brilliance {unknown}


   Skills:
 * Level 5.9 Fighting
 * Level 4.8 Maces & Flails
 - Level 2.1 Armour
 - Level 0.7 Dodging
 - Level 2.0 Invocations


You had 5 spell levels left.
You didn't know any spells.
Your spell library contained the following spells:

 Spells                   Type           Power      Damage    Failure   Level
 Magic Dart               Conj           0%         1d3       36%         1
 Blink                    Tloc           N/A        N/A       50%         2
 Call Imp                 Summ           0%         N/A       50%         2
 Slow                     Hex            0%         N/A       50%         2
 Conjure Flame            Conj/Fire      0%         6-21      73%         3
 Mephitic Cloud           Conj/Pois/Air  0%         N/A       73%         3


Dungeon Overview and Level Annotations

Branches:
Dungeon (4/15)
 Temple: D:4-7

Altars:
Kikubaaqudgha
Makhleb
Qazlal
Yredelemnul

Annotations:
D:3 1 transporter, noodleboyJ's ghost, amateur HOMo


Innate Abilities, Weirdness & Mutations

Your stone body is resilient. (AC +4)
You are immune to poison.
You resist negative energy. (rN+)
You are resistant to electric shocks. (rElec)
You are resistant to unholy torment.
You can survive without breathing.
You are immune to petrification.


Message History

You are too injured to fight recklessly!
You are too injured to fight recklessly!
You are too injured to fight recklessly!
You are too injured to fight recklessly!
You are too injured to fight recklessly!
You are too injured to fight recklessly!
You are too injured to fight recklessly!
You are too injured to fight recklessly!
You are too injured to fight recklessly!
You are too injured to fight recklessly!
You are too injured to fight recklessly!
You are too injured to fight recklessly!
You are too injured to fight recklessly!
You are too injured to fight recklessly!
The wight closely misses you.
You see here a +0 chain mail.
A wight comes into view. It is wielding a +4 mace.
The wight hits you with a +4 mace. The wight hits you with a +4 mace.
* * * LOW HITPOINT WARNING * * *
There is a stone staircase leading up here.
The wight closely misses you.
You climb upwards.
Level annotation: 1 transporter, noodleboyJ's ghost, amateur HOMo
There is a stone staircase leading down here.
You hit the wight.
The wight is lightly damaged.
The wight closely misses you.
You hit the wight.
The wight is heavily damaged.
The wight hits you with a +4 mace.
* * * LOW HITPOINT WARNING * * *
You hit the wight but do no damage.
The wight is heavily damaged.
The wight hits you but does no damage. The wight hits you with a +4 mace.
* * * LOW HITPOINT WARNING * * *
You hit the wight.
The wight is almost destroyed.
The wight hits you with a +4 mace!
You die...

#######
#..##.#
......#
##.##.#
......#
#..#.#
......#
##.#.#
......#
#.#.#
......###
#...#
......'.#
##..#
......#.#
##z.#
......#O#
#..@#
#######.#
#.### #.#
#.# #.#
#.#
#.######.#
#.#.O....#
#.#.######
#...#
#####


You could see a wight.

Vanquished Creatures
  Blork the orc (D:4)
  A scorpion (D:4)
  A hound (D:3)
  A jelly (D:4)
  A hound zombie (D:3)
  4 adders (D:3)
  An adder zombie (D:3)
  A worm (D:3)
  3 dart slugs
  An orc (D:3)
  9 bats
  4 endoplasms
  2 giant cockroaches
  2 hobgoblins (D:3)
  4 jackals (D:3)
  8 kobolds
  2 quokkas (D:3)
  9 ball pythons
  A frilled lizard (D:1)
  A giant cockroach zombie (D:3)
  5 goblins
  3 rats
65 creatures vanquished.

Notes
Turn   | Place    | Note
-------+----------+-------------------------------------------
     0 | Abyss:1  | rageheart7 the Gargoyle Abyssal Knight began the quest for
                  | the Orb.
     0 | Abyss:1  | Reached XP level 1. HP: 14/14 MP: 2/2
   124 | Abyss:1  | Noticed a thrashing horror
   125 | D:1      | Escaped the Abyss
   348 | D:1      | Reached XP level 2. HP: 19/19 MP: 3/3
   698 | D:1      | Reached * piety under Lugonu
   968 | D:2      | Reached XP level 3. HP: 23/24 MP: 4/4
  1013 | D:2      | Reached skill level 4 in Fighting
  1429 | D:3      | Found a transporter.
  1567 | D:3      | Noticed noodleboyJ's ghost (amateur HOMo)
  1569 | D:3      | Noticed an ogre
  1571 | D:3      | Noticed an ogre
  1609 | D:3      | Reached XP level 4. HP: 30/30 MP: 5/5
  1697 | D:3      | Found a basalt altar of Yredelemnul.
  1984 | D:3      | Found a burning altar of Makhleb.
  2006 | D:3      | Reached XP level 5. HP: 17/34 MP: 6/6
  2173 | D:3      | Reached ** piety under Lugonu
  2231 | D:3      | Noticed an ogre
  2651 | D:3      | Reached skill level 5 in Fighting
  3117 | D:4      | Reached XP level 6. HP: 27/40 MP: 7/7
  3226 | D:4      | Found a stormy altar of Qazlal.
  3259 | D:4      | Found an ancient bone altar of Kikubaaqudgha.
  3326 | D:4      | Noticed Blork the orc
  3348 | D:4      | Killed Blork the orc
  3533 | D:3      | Mangled by a wight

Illustrated notes

Levels and vault maps discovered:
D:1:      dpeg_arrival_more_subterranean_lakeside_camping, layout_rooms
D:2:      layout_basic
D:3:      minmay_chambers_of_twos, layout_basic,
          nicolae_yredelemnul_corpse_copse, gammafunk_ghost_smash,
          makhleb_heckhound_becter
D:4:      layout_cave_pools, nicolae_kikubaaqudgha_miasma_corner,
          nicolae_overflow_crystal_walls, minivault_24, uniq_eustachio,
          uniq_blork_the_orc, uniq_grinder

Skill      XL: |  1  2  3  4  5 |
---------------+----------------+-----
Fighting       | 4 5 |  5.9
Maces & Flails | 3 4 |  4.8
Armour         | |  2.1
Dodging        | |  0.7
Invocations    | |  2.0

Action                   |  1- 3 |  4- 6 || total
-------------------------+-------+-------++-------
Melee: Mace              |    57 |    25 ||    82
       Dagger            |    29 |   146 ||   175
Invok: Depart the Abyss  |     1 |       ||     1
  Use: Potion            |       |     4 ||     4
 Stab: Sleeping          |     1 |     2 ||     3
Armor: Leather armour    |    37 |    98 ||   135
Dodge: Dodged            |    55 |   122 ||   177

Table legend: (Time is in decaauts)
 A = Elapsed time spent in this place.
 B = Non-inter-level travel time spent in this place.
 C = Inter-level travel time spent in this place.
 D = Time resting spent in this place.
 E = Time spent auto-exploring this place.
 F = Levels seen in this place.
 G = Mean time per level.
                   A        B        C        D        E       F      G
               +--------+--------+--------+--------+--------+-----+--------+
         Total |   3553 |   3420 |    133 |    136 |   2682 |   5 |  710.6 |
       Dungeon |   3427 |   3294 |    133 |    136 |   2559 |   4 |  856.8 |
         Abyss |    126 |    126 |      0 |      0 |    123 |   1 |  126.0 |
               +--------+--------+--------+--------+--------+-----+--------+

Top non-repeatable levels by time:
     D:3: 1392 daAuts
     D:1: 848 daAuts
     D:2: 617 daAuts
     D:4: 569 daAuts
 Abyss:1: 126 daAuts
